 Dungeon Crawl Stone Soup version 0.17-a0-1951-g62301d3 (webtiles) character file.

69 Kuldar the Skirmisher (level 4, 0/40 HPs)
             Began as a Demonspawn Wanderer on Oct 3, 2015.
             Slain by a big kobold
             ... wielding a +2 short sword of flaming
              (1 damage)
             ... in a sewer.
             The game lasted 00:03:41 (1398 turns).

Kuldar the Skirmisher (Demonspawn Wanderer)         Turns: 1398, Time: 00:03:41

Health: 0/40       AC:  9    Str: 11    XL:     4   Next: 2%
Magic:  4/4        EV: 10    Int: 12    God:
Gold:   97         SH:  0    Dex: 16    Spells: 0 memorised, 3 levels left

rFire  . . .     SeeInvis .     a - +2 falchion
rCold  . . .     Clarity  .     b - +0 ring mail
rNeg   . . .     SustAt   .     (no shield)
rPois  .         Gourm    .     (no helmet)
rElec  .         Spirit   .     q - +0 cloak
rCorr  .         Warding  .     (no gloves)
rMut   .         Stasis   .     (no boots)
MR     .....                    (no amulet)
Stlth  +.........               (no ring)
                                (no ring)

@: very slightly contaminated, invisible, not resistant to hostile enchantments,
very unstealthy
A: claws 1, thin metallic scales 2
a: no special abilities


You were in a sewer.
You were near starving.

You visited 1 branch of the dungeon, and saw 3 of its levels.
You also visited: Sewer.

You collected 97 gold pieces.

Inventory:

Hand weapons
 a - a +2 falchion (weapon)
Armour
 b - a +0 ring mail (worn)
 q - a +0 cloak (worn)
Jewellery
 p - a cursed -2 ring of dexterity {unknown}
Scrolls
 e - 3 scrolls of identify {unknown}
 f - a scroll of immolation {unknown}
 j - 3 scrolls of fog {unknown}
 l - a scroll of random uselessness {unknown}
 o - a scroll of fear {unknown}
Potions
 c - a potion of curing
 i - 2 potions of degeneration {unknown}
 n - a potion of lignification {unknown}
Books
 k - a book of the Dragon

   Spells                             Type                      Level
   a - Flame Tongue                   Conjuration/Fire             1
   b - Cause Fear                     Hexes                        4
   c - Bolt of Fire                   Conjuration/Fire             6
   d - Dragon Form                    Transmutation                7
   e - Dragon's Call                  Summoning                    9
Comestibles
 d - 2 bread rations
 g - a beef jerky
 m - a meat ration


   Skills:
 * Level 6.2 Fighting
 * Level 1.7 Long Blades
 - Level 2.0 Throwing
 * Level 1.8 Armour
 * Level 1.5 Dodging


You had 3 spell levels left.
You didn't know any spells.

Dungeon Overview and Level Annotations

Branches:
Dungeon (3/15)

Altars:


Innate Abilities, Weirdness & Mutations

You have sharp fingernails.
You are mostly covered in thin metallic scales (AC +3).


Message History

You hit the big kobold.
The big kobold is heavily wounded.
The big kobold hits you but does no damage.
The kobold barely misses you.
Unknown command.
You are too injured to fight recklessly!
Drink which item? (? for menu, Esc to quit)
Okay, then.
Drink which item? (? for menu, Esc to quit)
It was a potion of invisibility.
You fade into invisibility!
The big kobold hits you but does no damage.
The kobold completely misses you.
You are very lightly contaminated with residual magic.
You barely miss the big kobold.
The big kobold is heavily wounded.
The big kobold hits you with a short sword of flaming.
* * * LOW HITPOINT WARNING * * *
The big kobold burns you.
You die...

#∩∩.#≈≈≈#
#...'≈≈≈#
######≈≈≈#
#.[..#≈≈≈#
#..∩.#≈≈≈#
#....#≈≈≈#
#..!!#≈≈≈#
##KK##≈≈≈#
#..@.#≈≈≈#
###...≈#≈≈≈#
#....≈≈≈≈≈≈#
##...P≈≈≈≈≈#
#...≈P#≈≈≈#
#....≈≈#≈≈≈#
#......#≈≈≈#
#.P....#≈≈≈≈≈
#......#≈≈≈≈≈


You could see a big kobold and a kobold.

Vanquished Creatures
  An adder (D:2)
  An ooze (D:2)
  2 worms
  A ball python (Sewer)
  6 hobgoblins
  9 jackals
  5 bats
  2 giant cockroaches
  A giant gecko (D:1)
  A giant newt (D:1)
  6 goblins
  7 kobolds
  3 rats
45 creatures vanquished.

Notes
Turn   | Place    | Note
--------------------------------------------------------------
     0 | D:1      | Kuldar the Demonspawn Wanderer began the quest for the Orb.
     0 | D:1      | Kuldar set off with: a +2 falchion, a +0 ring mail, a potion of curing, a bread ration, a !bad item (cl:100,ty:0,pl:0,pl2:0,sp:0,qu:0), a !bad item (cl:100,ty:0,pl:0,pl2:0,sp:0,qu:0), a !bad item (cl:100,ty:0,pl:0,pl2:0,sp:0,qu:0), a !bad item (cl:100,ty:0,pl:0,pl2:0,sp:0,qu:0), a !bad item (cl:100,ty:0,pl:0,pl2:0,sp:0,qu:0), a !bad item (cl:100,ty:0,pl:0,pl2:0,sp:0,qu:0), a !bad item (cl:100,ty:0,pl:0,pl2:0,sp:0,qu:0), a !bad item (cl:100,ty:0,pl:0,pl2:0,sp:0,qu:0), a !bad item (cl:100,ty:0,pl:0,pl2:0,sp:0,qu:0), a !bad item (cl:100,ty:0,pl:0,pl2:0,sp:0,qu:0), a !bad item (cl:100,ty:0,pl:0,pl2:0,sp:0,qu:0), a !bad item (cl:100,ty:0,pl:0,pl2:0,sp:0,qu:0), a !bad item (cl:100,ty:0,pl:0,pl2:0,sp:0,qu:0), a !bad item (cl:100,ty:0,pl:0,pl2:0,sp:0,qu:0), a !bad item (cl:100,ty:0,pl:0,pl2:0,sp:0,qu:0), a !bad item (cl:100,ty:0,pl:0,pl2:0,sp:0,qu:0), a !bad item (cl:100,ty:0,pl:0,pl2:0,sp:0,qu:0), a !bad item (cl:100,ty:0,pl:0,pl2:0,sp:0,qu:0), a !bad item (cl:100,ty:0,pl:0,pl2:0,sp:0,qu:0), a !bad item (cl:100,ty:0,pl:0,pl2:0,sp:0,qu:0), a !bad item (cl:100,ty:0,pl:0,pl2:0,sp:0,qu:0), a !bad item (cl:100,ty:0,pl:0,pl2:0,sp:0,qu:0), a !bad item (cl:100,ty:0,pl:0,pl2:0,sp:0,qu:0), a !bad item (cl:100,ty:0,pl:0,pl2:0,sp:0,qu:0), a !bad item (cl:100,ty:0,pl:0,pl2:0,sp:0,qu:0), a !bad item (cl:100,ty:0,pl:0,pl2:0,sp:0,qu:0), a !bad item (cl:100,ty:0,pl:0,pl2:0,sp:0,qu:0), a !bad item (cl:100,ty:0,pl:0,pl2:0,sp:0,qu:0), a !bad item (cl:100,ty:0,pl:0,pl2:0,sp:0,qu:0), a !bad item (cl:100,ty:0,pl:0,pl2:0,sp:0,qu:0), a !bad item (cl:100,ty:0,pl:0,pl2:0,sp:0,qu:0), a !bad item (cl:100,ty:0,pl:0,pl2:0,sp:0,qu:0), a !bad item (cl:100,ty:0,pl:0,pl2:0,sp:0,qu:0), a !bad item (cl:100,ty:0,pl:0,pl2:0,sp:0,qu:0), a !bad item (cl:100,ty:0,pl:0,pl2:0,sp:0,qu:0), a !bad item (cl:100,ty:0,pl:0,pl2:0,sp:0,qu:0), a !bad item (cl:100,ty:0,pl:0,pl2:0,sp:0,qu:0), a !bad item (cl:100,ty:0,pl:0,pl2:0,sp:0,qu:0), a !bad item (cl:100,ty:0,pl:0,pl2:0,sp:0,qu:0), a !bad item (cl:100,ty:0,pl:0,pl2:0,sp:0,qu:0), a !bad item (cl:100,ty:0,pl:0,pl2:0,sp:0,qu:0), a !bad item (cl:100,ty:0,pl:0,pl2:0,sp:0,qu:0), a !bad item (cl:100,ty:0,pl:0,pl2:0,sp:0,qu:0), a !bad item (cl:100,ty:0,pl:0,pl2:0,sp:0,qu:0), a !bad item (cl:100,ty:0,pl:0,pl2:0,sp:0,qu:0), a !bad item (cl:100,ty:0,pl:0,pl2:0,sp:0,qu:0), a !bad item (cl:100,ty:0,pl:0,pl2:0,sp:0,qu:0), a !bad item (cl:100,ty:0,pl:0,pl2:0,sp:0,qu:0)
     0 | D:1      | Reached XP level 1. HP: 22/22 MP: 1/1
   363 | D:1      | Gained mutation: You are partially covered in thin metallic scales (AC +2). [demonic ancestry]
   363 | D:1      | Reached XP level 2. HP: 22/28 MP: 2/2
   389 | D:1      | Reached skill level 1 in Armour
   519 | D:1      | Gained mutation: You are mostly covered in thin metallic scales (AC +3). [demonic ancestry]
   519 | D:1      | Reached XP level 3. HP: 27/34 MP: 3/3
   868 | D:2      | Found a faded altar to an unknown god.
  1087 | D:3      | Found a glowing drain.
  1147 | Sewer    | Entered a sewer
  1377 | Sewer    | Gained mutation: You have sharp fingernails. [demonic ancestry]
  1377 | Sewer    | Reached XP level 4. HP: 37/40 MP: 4/4
  1383 | Sewer    | Noticed a big kobold
  1398 | Sewer    | HP: 1/40 [big kobold/short sword of flaming (2)]
  1398 | Sewer    | Slain by a big kobold

Vault maps used:
D:1:      minmay_arrival_semitransparent, st_stairs_10, bh_walls_and_bars
D:2:      ecumenical_altar_1
D:3:      minitemple, portal_sewer_entry_a, supply_closet_lemuel,
          kennysheep_generic_room_4, uniq_robin
Sewer:    kennysheep_pipe_town

Action                   |  1- 3 |  4- 6 || total
-------------------------+-------+-------++-------
Melee: Falchion          |   119 |    16 ||   135
  Use: Potion            |       |     1 ||     1
